 Dungeon Crawl Stone Soup version 0.22-a0-872-g6a232dd (webtiles) character file.

398 prawnwizard the Spear-Bearer (level 6, -11/50 HPs)
             Began as a Merfolk Monk on July 28, 2018.
             Mangled by an ogre
             ... wielding a +0 giant spiked club
              (30 damage)
             ... on level 4 of the Dungeon.
             The game lasted 00:05:21 (4357 turns).

prawnwizard the Spear-Bearer (Merfolk Monk)         Turns: 4357, Time: 00:05:21

Health: -11/50     AC:  9    Str: 13    XL:     6   Next: 83%
Magic:  6/6        EV: 12    Int:  9    God:
Gold:   181        SH:  6    Dex: 20    Spells: 5/5 levels left

rFire    . . .     SeeInvis .   a - +0 spear
rCold    . . .     Gourm    .   (no shield)
rNeg     . . .     Faith    .   r - +0 scale mail
rPois    .         Spirit   .   m - +1 helmet
rElec    .         Reflect  +   n - +0 cloak
rCorr    .         Harm     .   (no gloves)
MR       .....                  (no boots)
Stlth    +.........             o - +6 amulet of reflection
HPRegen  0.16/turn              j - +3 ring of dexterity
MPRegen  0.10/turn              (no ring)

@: no status effects
A: change form in water, swift swim, stealthy swim
a: no special abilities


You were on level 4 of the Dungeon.
You were very hungry.

You visited 1 branch of the dungeon, and saw 4 of its levels.

You collected 181 gold pieces.

Inventory:

Hand Weapons
 a - a +0 spear (weapon)
Armour
 b - a +0 robe
 e - a +0 shield
 m - a +1 helmet (worn)
 n - a +0 cloak (worn)
 r - a +0 scale mail (worn)
 w - a +0 plate armour
Jewellery
 j - a +3 ring of dexterity (left hand)
 o - a +6 amulet of reflection (around neck)
 z - an uncursed ring of resist corrosion {unknown}
Wands
 u - a wand of random effects (13)
Scrolls
 d - 4 scrolls of remove curse {unknown}
 f - a scroll of random uselessness {unknown}
 k - 9 scrolls of identify {unknown}
 s - 2 scrolls of teleportation {unknown}
 t - a scroll of blinking {unknown}
 v - a scroll of enchant armour {unknown}
 x - a scroll of fear {unknown}
 y - a scroll of fog {unknown}
Potions
 g - 3 potions of curing {unknown}
 h - 4 potions of haste {unknown}
 i - a potion of agility {unknown}
 l - 2 potions of flight {unknown}
 p - a potion of resistance {unknown}
Comestibles
 c - 8 rations


   Skills:
 + Level 4.9 Fighting
 * Level 8.2 Polearms
 + Level 5.9 Dodging
 - Level 2.1 Stealth


You had 5 spell levels left.
You didn't know any spells.
Your spell library was empty.

Dungeon Overview and Level Annotations

Branches:
Dungeon (4/15)
 Temple: D:4-7

Altars:
Ru


Message History

Press: ? - help, Dir - move target cursor, f/p - ogre
Aim: an ogre, wielding a giant spiked club (heavily wounded)
You reach to attack!
You hit the ogre.
The ogre is severely wounded.
You are feeling very hungry.
Your scale mail prevents you from hitting the ogre.
The ogre is heavily wounded.
You block the ogre's attack.
You hit the ogre but do no damage.
The ogre is heavily wounded.
You hit the ogre.
The ogre is heavily wounded.
The ogre hits you with a giant spiked club!
You hit the ogre.
The ogre is severely wounded.
You hit the ogre.
The ogre is almost dead.
The ogre hits you with a giant spiked club!!
Ouch! That really hurt!
You die...

#.#.#.#..........(.#.#
#.#.#.#.#.#.#.######.#
#.#.#.#.#.#.#.##.....#
####...#.#........#.#####
#........#...#.###......# ..
#........#<....# #......# ♣.
#.......####.### #......# ♣♣.
#####.........#####......# ♣
♣♣..
......########.O@.......###.#.#
# .............#.######.###
#...# # ......######.#.# #.#
#..# # .........#.....#
#.######..### ...#####.#######
#............ .####### #
########..... [....... #.....
...##### #..... ##.# #.....


You could see an ogre.

Vanquished Creatures
  2 howler monkeys
  3 hounds (D:4)
  An orc wizard (D:3)
  An iguana (D:4)
  A worker ant (D:4)
  7 adders
  2 oozes
  A worm (D:2)
  2 dart slugs
  A leopard gecko (D:2)
  11 orcs
  3 ball pythons
  2 bats (D:3)
  5 giant cockroaches
  8 goblins
  7 hobgoblins
  5 jackals (D:2)
  A quokka (D:3)
  3 frilled lizards
  4 kobolds
  5 rats
75 creatures vanquished.

Vanquished Creatures (others)
  A hobgoblin (D:1)
1 creature vanquished.

Grand Total: 76 creatures vanquished

Notes
Turn   | Place    | Note
-------+----------+-------------------------------------------
     0 | D:1      | prawnwizard the Merfolk Monk began the quest for the Orb.
     0 | D:1      | Reached XP level 1. HP: 18/18 MP: 1/1
    39 | D:1      | Reached XP level 2. HP: 20/24 MP: 2/2
   111 | D:1      | Reached skill level 5 in Polearms
   536 | D:1      | Reached XP level 3. HP: 29/29 MP: 3/3
  1670 | D:3      | Reached XP level 4. HP: 36/37 MP: 4/4
  1878 | D:3      | Reached skill level 6 in Polearms
  1952 | D:3      | Found a sacrificial altar of Ru.
  1990 | D:3      | Reached skill level 5 in Dodging
  1990 | D:3      | Reached XP level 5. HP: 30/42 MP: 5/5
  2895 | D:4      | Reached skill level 7 in Polearms
  2904 | D:4      | Noticed an ogre
  3141 | D:4      | Reached XP level 6. HP: 43/49 MP: 6/6
  3452 | D:4      | Reached skill level 8 in Polearms
  4357 | D:4      | Mangled by an ogre

Vault maps used:
D:1:      saegor_arrival_simple_e, minmay_misc_feat_room
D:2:      minmay_door_path, first_ration
D:3:      nicolae_ru_great_annihilating_truth
D:4:      fedhas_altar_fruit_tree

Skill      XL: |  1  2  3  4  5  6 |
---------------+-------------------+-----
Polearms       | 5 6 7 8 |  8.2
Fighting       | 4 |  4.9
Dodging        | 5 |  5.9
Stealth        | |  2.1

Action                   |  1- 3 |  4- 6 || total
-------------------------+-------+-------++-------
Melee: Spear             |   111 |   319 ||   430
 Stab: Sleeping          |     8 |       ||     8
       Paralysed         |       |     1 ||     1
  Eat: Chunk             |     2 |     8 ||    10
Armor: Robe              |     1 |       ||     1
       Ring mail         |    16 |     1 ||    17
       Scale mail        |       |    68 ||    68
Dodge: Dodged            |    32 |   104 ||   136
Block: Other             |       |    33 ||    33

Table legend:
 A = Spawn XP
 B = Non-spawn XP
 C = Spawn XP percentage of total XP
 D = Spawn monster count
 E = Non-spawn monster count
 F = Spawn count percentage of total count
 G = Total turns spent on level
                    A         B        C        D         E        F      G
               +---------+---------+-------+---------+---------+-------+---------
         Total |       0 |     569 |   0.0 |       0 |      75 |   0.0 |  4357
               +---------+---------+-------+---------+---------+-------+---------
           D:1 |       0 |      34 |   0.0 |       0 |      16 |   0.0 |   551
           D:2 |       0 |      45 |   0.0 |       0 |      15 |   0.0 |  1103
           D:3 |       0 |     178 |   0.0 |       0 |      25 |   0.0 |  1599
           D:4 |       0 |     312 |   0.0 |       0 |      19 |   0.0 |  1104
               +---------+---------+-------+---------+---------+-------+---------
